| TOP OF THE 1ST |
|
Florida State University Seminoles batting - Pitching for University of Oklahoma Sooners : RHP Elliot Bolitho
|
|
Pitching: RHP Elliot Bolitho
|
|
|
Batting: RHB Larry Berge
|
0-0: Ball 1-0: Foul Ball, location: 2F 1-1: Swinging Strike 1-2: Foul Ball, location: 2F 1-2: Ball 2-2: Ball 3-2: Foul Ball, location: 2F 3-2: Base on Balls
|
|
Batting: RHB Ray Johnson
|
0-0: Called Strike Larry Berge is caught stealing 2nd base 2-4 0-1: Fly out, F9 (Flyball, 9, EV 91.9 MPH)
|
|
Batting: LHB Ethan Ware
|
0-0: Ball 1-0: Foul Ball, location: 2F 1-1: Ground out 4-3 (Groundball, 34, EV 104.4 MPH)
|
| Top of the 1st over - 0 runs, 0 hits, 0 errors, 0 left on base; Florida State University 0 - University of Oklahoma 0 |
| BOTTOM OF THE 1ST |
|
University of Oklahoma Sooners batting - Pitching for Florida State University Seminoles : RHP Kyle Carlson
|
|
Pitching: RHP Kyle Carlson
|
|
|
Batting: LHB Alex Benabides
|
0-0: Ball 1-0: Ball 2-0: Fly out, F9 (Flyball, 9LSF, EV 78.1 MPH)
|
|
Batting: RHB Jesus Montoya
|
0-0: Called Strike 0-1: Ball 1-1: Called Strike 1-2: Strikes out swinging
|
|
Batting: RHB Jon Chatman
|
0-0: Ball 1-0: Foul Ball, location: 2F 1-1: Swinging Strike 1-2: Ball 2-2: Reached on error, E1 (Groundball, 15S, EV 70.6 MPH)
|
|
Batting: LHB Alex Gutierrez
|
0-0: Ground out 6-3 (Groundball, 6, EV 77.5 MPH)
|
| Bottom of the 1st over - 0 runs, 0 hits, 1 error, 1 left on base; Florida State University 0 - University of Oklahoma 0 |
| TOP OF THE 2ND |
|
Florida State University Seminoles batting - Pitching for University of Oklahoma Sooners : RHP Elliot Bolitho
|
|
Batting: RHB Ed Vilches
|
0-0: SINGLE (Line Drive, 9S, EV 111.2 MPH)
|
|
Batting: RHB Tony Valdez
|
0-0: Called Strike 0-1: Ball 1-1: Ball 2-1: Fielders Choice at 2nd, 5-4 (Groundball, 56, EV 106.9 MPH)
|
|
Batting: SHB Jason Farr
|
0-0: Ball 1-0: Ball Tony Valdez steals 2nd base 2-0: Ground out 4-3 (Groundball, 4, EV 106.9 MPH) Tony Valdez to third
|
|
Batting: RHB Butch Huskey
|
0-0: SINGLE (Groundball, 34D, EV 96.2 MPH) Tony Valdez scores
|
|
Batting: RHB Terry Cisneros
|
0-0: Ball 1-0: Foul Ball, location: 2F 1-1: Called Strike 1-2: Fly out, F7 (Flyball, 7LM, EV 96.2 MPH)
|
| Top of the 2nd over - 1 run, 2 hits, 0 errors, 1 left on base; Florida State University 1 - University of Oklahoma 0 |
| BOTTOM OF THE 2ND |
|
University of Oklahoma Sooners batting - Pitching for Florida State University Seminoles : RHP Kyle Carlson
|
|
Batting: RHB Ruben Arreola
|
0-0: Called Strike 0-1: Ball 1-1: SINGLE (Line Drive, 78S, EV 110.0 MPH)
|
|
Batting: LHB Paul Mooris
|
0-0: SINGLE (Line Drive, 7S, EV 106.9 MPH) Ruben Arreola to second
|
|
Batting: RHB Victor Borras
|
0-0: Called Strike 0-1: Ball 1-1: Fielders Choice at 2nd, 5-4 (Groundball, 56S, EV 82.5 MPH) Ruben Arreola to third
|
|
Batting: RHB Sugiarto Kartosuwiryo
|
0-0: Ball 1-0: Called Strike 1-1: Ball 2-1: Foul Ball, location: 2F 2-2: Strikes out swinging
|
|
Batting: RHB Sam Mason
|
0-0: Called Strike 0-1: Ball 1-1: Ball 2-1: Ball 3-1: Base on Balls Victor Borras to second
|
|
Batting: LHB Alex Benabides
|
0-0: Ball 1-0: Swinging Strike 1-1: SINGLE (Groundball, 4M, EV 103.8 MPH) (infield hit) Ruben Arreola scores Victor Borras to third Sam Mason to second
|
|
Batting: RHB Jesus Montoya
|
0-0: Fly out, F3 (Popup, 23F, EV 89.4 MPH)
|
| Bottom of the 2nd over - 1 run, 3 hits, 0 errors, 3 left on base; Florida State University 1 - University of Oklahoma 1 |
| TOP OF THE 3RD |
|
Florida State University Seminoles batting - Pitching for University of Oklahoma Sooners : RHP Elliot Bolitho
|
|
Batting: LHB John Doiron
|
0-0: Ball 1-0: Foul Ball, location: 2F 1-1: Swinging Strike 1-2: Ball 2-2: Ball 3-2: SINGLE (Groundball, 34D, EV 106.2 MPH)
|
|
Batting: RHB Larry Berge
|
0-0: Swinging Strike 0-1: Ball Wild Pitch! John Doiron to second 1-1: Ball 2-1: Ball 3-1: SINGLE (Line Drive, 78S, EV 104.4 MPH) John Doiron to third
|
|
Batting: RHB Ray Johnson
|
0-0: Ball Larry Berge steals 2nd base (no throw) 1-0: Swinging Strike 1-1: Ball 2-1: Ball Wild Pitch! John Doiron scores Larry Berge to third 3-1: Foul Ball, location: 2F 3-2: Foul Ball, location: 2F 3-2: Strikes out swinging
|
|
Batting: LHB Ethan Ware
|
0-0: Foul Ball, location: 2F 0-1: Ball 1-1: Foul Ball, location: 3F, Error on foul ball, E3 1-2: Foul Ball, location: 2F 1-2: Ball 2-2: Foul Ball, location: 2F 2-2: Foul Ball, location: 2F 2-2: Fly out, F8 (Flyball, 8RXD, EV 97.5 MPH) Runner from 3rd tags up, SCORES, no throw by CF
|
|
Batting: RHB Ed Vilches
|
0-0: SINGLE (Groundball, 56D, EV 101.2 MPH)
|
|
Batting: RHB Tony Valdez
|
0-0: Ball Wild Pitch! Ed Vilches to second 1-0: Called Strike 1-1: Ball 2-1: Foul Ball, location: 2F 2-2: Foul Ball, location: 2F 2-2: Foul Ball, location: 2F 2-2: Strikes out swinging
|
| Top of the 3rd over - 2 runs, 3 hits, 1 error, 1 left on base; Florida State University 3 - University of Oklahoma 1 |
| BOTTOM OF THE 3RD |
|
University of Oklahoma Sooners batting - Pitching for Florida State University Seminoles : RHP Kyle Carlson
|
|
Batting: RHB Jon Chatman
|
0-0: Fly out, F9 (Flyball, 89D, EV 95.6 MPH)
|
|
Batting: LHB Alex Gutierrez
|
0-0: Ball 1-0: Foul Ball, location: 2F 1-1: Ball 2-1: Called Strike 2-2: Ball 3-2: Base on Balls
|
|
Batting: RHB Ruben Arreola
|
0-0: Fly out, F8 (Flyball, 8RD, EV 96.9 MPH)
|
|
Batting: LHB Paul Mooris
|
0-0: Ball 1-0: Ball 2-0: Ball 3-0: Base on Balls Alex Gutierrez to second
|
|
Batting: RHB Victor Borras
|
0-0: Fly out, F7 (Line Drive, 78S, EV 91.2 MPH)
|
| Bottom of the 3rd over - 0 runs, 0 hits, 0 errors, 2 left on base; Florida State University 3 - University of Oklahoma 1 |
| TOP OF THE 4TH |
|
Florida State University Seminoles batting - Pitching for University of Oklahoma Sooners : RHP Elliot Bolitho
|
|
Batting: SHB Jason Farr
|
0-0: Ball 1-0: Foul Ball, location: 2F 1-1: Foul Ball, location: 2F 1-2: Strikes out swinging
|
|
Batting: RHB Butch Huskey
|
0-0: Called Strike 0-1: Called Strike 0-2: Strikes out looking
|
|
Batting: RHB Terry Cisneros
|
0-0: Ball 1-0: Foul Ball, location: 2F 1-1: Ball 2-1: Ball 3-1: Ground out 6-3 (Groundball, 6, EV 103.8 MPH)
|
| Top of the 4th over - 0 runs, 0 hits, 0 errors, 0 left on base; Florida State University 3 - University of Oklahoma 1 |
| BOTTOM OF THE 4TH |
|
University of Oklahoma Sooners batting - Pitching for Florida State University Seminoles : RHP Kyle Carlson
|
|
Batting: RHB Sugiarto Kartosuwiryo
|
0-0: Ball 1-0: Ball 2-0: Fly out, F7 (Flyball, 7D, EV 86.2 MPH)
|
|
Batting: RHB Sam Mason
|
0-0: Ball 1-0: Foul Ball, location: 2F 1-1: Foul Ball, location: 2F 1-2: Fly out, F8 (Line Drive, 8LM, EV 103.8 MPH)
|
|
Batting: LHB Alex Benabides
|
0-0: Ball 1-0: Ball 2-0: Ball 3-0: Called Strike 3-1: Called Strike 3-2: Ground out 6-3 (Groundball, 6, EV 103.8 MPH)
|
| Bottom of the 4th over - 0 runs, 0 hits, 0 errors, 0 left on base; Florida State University 3 - University of Oklahoma 1 |
| TOP OF THE 5TH |
|
Florida State University Seminoles batting - Pitching for University of Oklahoma Sooners : RHP Elliot Bolitho
|
|
Batting: LHB John Doiron
|
0-0: Called Strike 0-1: Foul Ball, location: 2F 0-2: Ball 1-2: Ball 2-2: Fly out, F8 (Flyball, 89D, EV 78.1 MPH)
|
|
Pitching: RHP Earl Freeman
|
|
|
Batting: RHB Larry Berge
|
0-0: Called Strike 0-1: Ball 1-1: Fly out, F7 (Line Drive, 78M, EV 85.6 MPH)
|
|
Batting: RHB Ray Johnson
|
0-0: Ball 1-0: Foul Ball, location: 2F 1-1: Ball 2-1: Ball 3-1: Fly out, F7 (Flyball, 7LM, EV 86.2 MPH)
|
| Top of the 5th over - 0 runs, 0 hits, 0 errors, 0 left on base; Florida State University 3 - University of Oklahoma 1 |
| BOTTOM OF THE 5TH |
|
University of Oklahoma Sooners batting - Pitching for Florida State University Seminoles : RHP Kyle Carlson
|
|
Batting: RHB Jesus Montoya
|
0-0: Reached on error, E3 (Groundball, 3L, EV 81.9 MPH)
|
|
Batting: RHB Jon Chatman
|
0-0: Ball 1-0: SINGLE (Groundball, 34D, EV 105.6 MPH) Jesus Montoya to second Runner from 2nd tries for 3rd, SAFE, throw by RF made to third
|
|
Batting: LHB Alex Gutierrez
|
0-0: Ball Jon Chatman steals 2nd, throwing error, E2 Jesus Montoya scores Jon Chatman to third 1-0: Ball 2-0: Called Strike 2-1: Ball 3-1: Foul Ball, location: 2F 3-2: Foul Ball, location: 2F 3-2: Fly out, F8 (Flyball, 8RXD, EV 81.9 MPH) Runner from 3rd tags up, SCORES, no throw by CF
|
|
Batting: RHB Ruben Arreola
|
0-0: Ball 1-0: Ball 2-0: Ball 3-0: Called Strike 3-1: Foul Ball, location: 2F 3-2: Strikes out swinging
|
|
Batting: LHB Paul Mooris
|
0-0: Called Strike 0-1: Called Strike 0-2: Strikes out swinging
|
| Bottom of the 5th over - 2 runs, 1 hit, 2 errors, 0 left on base; Florida State University 3 - University of Oklahoma 3 |
| TOP OF THE 6TH |
|
Florida State University Seminoles batting - Pitching for University of Oklahoma Sooners : RHP Earl Freeman
|
|
Batting: LHB Ethan Ware
|
0-0: Called Strike 0-1: Ball 1-1: Ball 2-1: Ground out 5-3 (Groundball, 15, EV 81.9 MPH)
|
|
Batting: RHB Ed Vilches
|
0-0: Called Strike 0-1: Ball 1-1: Fly out, F9 (Flyball, 89S, EV 90.6 MPH)
|
|
Batting: RHB Tony Valdez
|
0-0: Ball 1-0: Ground out 4-3 (Groundball, 4, EV 86.9 MPH)
|
| Top of the 6th over - 0 runs, 0 hits, 0 errors, 0 left on base; Florida State University 3 - University of Oklahoma 3 |
| BOTTOM OF THE 6TH |
|
University of Oklahoma Sooners batting - Pitching for Florida State University Seminoles : RHP Kyle Carlson
|
|
Pitching: RHP Gerry Burrell
|
|
|
Batting: RHB Victor Borras
|
0-0: Fly out, F8 (Flyball, 78D, EV 97.5 MPH)
|
|
Batting: RHB Sugiarto Kartosuwiryo
|
0-0: Called Strike 0-1: Called Strike 0-2: Strikes out swinging
|
|
Batting: RHB Sam Mason
|
0-0: Called Strike 0-1: Ground out 5-3 (Groundball, 56, EV 105.0 MPH)
|
| Bottom of the 6th over - 0 runs, 0 hits, 0 errors, 0 left on base; Florida State University 3 - University of Oklahoma 3 |
| TOP OF THE 7TH |
|
Florida State University Seminoles batting - Pitching for University of Oklahoma Sooners : RHP Earl Freeman
|
|
Batting: SHB Jason Farr
|
0-0: Fly out, F9 (Flyball, 89M, EV 84.4 MPH)
|
|
Batting: RHB Butch Huskey
|
0-0: Ball 1-0: Ball 2-0: Foul Ball, location: 2F 2-1: Ball 3-1: DOUBLE (Groundball, 5L, EV 100.0 MPH)
|
|
Batting: RHB Terry Cisneros
|
0-0: Swinging Strike 0-1: Foul Ball, location: 2F 0-2: SINGLE (Groundball, 4MD, EV 95.0 MPH) Butch Huskey to third
|
|
Batting: LHB John Doiron
|
0-0: Ball 1-0: Foul Ball, location: 2F 1-1: Swinging Strike 1-2: Ball 2-2: Strikes out swinging
|
|
Batting: RHB Larry Berge
|
0-0: Ball 1-0: TRIPLE (Flyball, 89XD, EV 93.8 MPH) Butch Huskey scores Terry Cisneros scores
|
|
Batting: RHB Ray Johnson
|
0-0: Called Strike 0-1: Foul Ball, location: 2F 0-2: Foul Ball, location: 2F 0-2: Ball 1-2: Ball 2-2: Ball 3-2: Base on Balls
|
|
Pitching: RHP Arjan van den Hurk
|
|
|
Batting: LHB Ethan Ware
|
0-0: Ball 1-0: Called Strike 1-1: Fly out, F9 (Flyball, 9LDF, EV 95.6 MPH)
|
| Top of the 7th over - 2 runs, 3 hits, 0 errors, 2 left on base; Florida State University 5 - University of Oklahoma 3 |
| BOTTOM OF THE 7TH |
|
University of Oklahoma Sooners batting - Pitching for Florida State University Seminoles : RHP Gerry Burrell
|
|
Batting: LHB Alex Benabides
|
0-0: Foul Ball, location: 2F 0-1: Ball 1-1: Called Strike 1-2: Foul Ball, location: 2F 1-2: Ball 2-2: Strikes out looking
|
|
Batting: RHB Jesus Montoya
|
0-0: Ball 1-0: SINGLE (Flyball, 78S, EV 86.2 MPH)
|
|
Batting: RHB Jon Chatman
|
0-0: Swinging Strike Jesus Montoya steals 2nd, throwing error, E2 Jesus Montoya to third 0-1: Swinging Strike 0-2: Ball 1-2: Ball 2-2: SINGLE (Groundball, P, EV 86.9 MPH) (infield hit) Jesus Montoya scores
|
|
Batting: LHB Alex Gutierrez
|
0-0: Ball 1-0: Called Strike Jon Chatman steals 2nd base (no throw) 1-1: Called Strike 1-2: Ball 2-2: Foul Ball, location: 2F 2-2: Foul Ball, location: 2F 2-2: Foul Ball, location: 2F 2-2: Strikes out looking
|
|
Batting: RHB Ruben Arreola
|
0-0: Ball 1-0: SINGLE (Groundball, 13S, EV 76.9 MPH) (infield hit) Jon Chatman to third
|
|
Batting: LHB Paul Mooris
|
0-0: Called Strike 0-1: Ground out 4-3 (Groundball, 13, EV 82.5 MPH)
|
| Bottom of the 7th over - 1 run, 3 hits, 1 error, 2 left on base; Florida State University 5 - University of Oklahoma 4 |
| TOP OF THE 8TH |
|
Florida State University Seminoles batting - Pitching for University of Oklahoma Sooners : RHP Arjan van den Hurk
|
|
Batting: RHB Ed Vilches
|
0-0: Called Strike 0-1: Ball 1-1: Ball 2-1: Ground out 6-3 (Groundball, 6, EV 105.0 MPH)
|
|
Batting: RHB Tony Valdez
|
0-0: Ball 1-0: Ball 2-0: Foul Ball, location: 2F 2-1: Ball 3-1: Called Strike 3-2: Foul Ball, location: 2F 3-2: Fly out, F8 (Flyball, 89M, EV 76.2 MPH)
|
|
Batting: SHB Jason Farr
|
0-0: Ball 1-0: Ball 2-0: Ball 3-0: Base on Balls
|
|
Batting: RHB Butch Huskey
|
0-0: Ball 1-0: TRIPLE (Flyball, 89XD, EV 112.5 MPH) Jason Farr scores
|
|
Batting: RHB Terry Cisneros
|
0-0: Called Strike 0-1: Ball 1-1: Ball 2-1: Ball Wild Pitch! Butch Huskey scores 3-1: Called Strike 3-2: Foul Ball, location: 2F 3-2: Ground out 5-3 (Groundball, 56S, EV 79.4 MPH)
|
| Top of the 8th over - 2 runs, 1 hit, 0 errors, 0 left on base; Florida State University 7 - University of Oklahoma 4 |
| BOTTOM OF THE 8TH |
|
University of Oklahoma Sooners batting - Pitching for Florida State University Seminoles : RHP Gerry Burrell
|
|
Batting: RHB Victor Borras
|
0-0: Called Strike 0-1: Ball 1-1: Ball 2-1: Foul Ball, location: 2F 2-2: SINGLE (Line Drive, 56, EV 100.6 MPH)
|
|
Pinch Hitting: LHB Cameron Marinelli
|
0-0: Ball 1-0: Ball 2-0: Swinging Strike 2-1: Called Strike 2-2: Ball 3-2: Strikes out looking Victor Borras is caught stealing 2nd base 2-6 Batter strikes out.
|
|
Batting: RHB Sam Mason
|
0-0: Ball 1-0: Called Strike 1-1: Foul Ball, location: 2F 1-2: Ball 2-2: Foul Ball, location: 2F 2-2: Ball 3-2: Strikes out swinging
|
| Bottom of the 8th over - 0 runs, 1 hit, 0 errors, 0 left on base; Florida State University 7 - University of Oklahoma 4 |
| TOP OF THE 9TH |
|
Florida State University Seminoles batting - Pitching for University of Oklahoma Sooners : RHP Arjan van den Hurk
|
|
Pitching: RHP Adam Alioto
|
|
|
Now at 1B: Victor Borras
|
|
|
Now at 2B: Cameron Marinelli
|
|
|
Batting: LHB John Doiron
|
0-0: Ball 1-0: Ball 2-0: Called Strike 2-1: Foul Ball, location: 2F 2-2: Strikes out swinging
|
|
Batting: RHB Larry Berge
|
0-0: Ball 1-0: Ball 2-0: DOUBLE (Line Drive, 89M, EV 109.4 MPH)
|
|
Batting: RHB Ray Johnson
|
0-0: Swinging Strike 0-1: Ball Larry Berge steals 3rd base (no throw) 1-1: Swinging Strike 1-2: Strikes out swinging
|
|
Batting: LHB Ethan Ware
|
0-0: Ball 1-0: Called Strike 1-1: Swinging Strike 1-2: Foul Ball, location: 2F 1-2: Ball 2-2: Strikes out looking
|
| Top of the 9th over - 0 runs, 1 hit, 0 errors, 1 left on base; Florida State University 7 - University of Oklahoma 4 |
| BOTTOM OF THE 9TH |
|
University of Oklahoma Sooners batting - Pitching for Florida State University Seminoles : RHP Gerry Burrell
|
|
Pitching: LHP Angel Villatoro
|
|
|
Batting: LHB Alex Benabides
|
0-0: Called Strike 0-1: Foul Ball, location: 2F 0-2: Ground out 6-3 (Groundball, 6M, EV 101.2 MPH)
|
|
Batting: RHB Jesus Montoya
|
0-0: Ball 1-0: Ball 2-0: Ball 3-0: Base on Balls
|
|
Batting: RHB Jon Chatman
|
0-0: Swinging Strike 0-1: Swinging Strike 0-2: Fly out, F8 (Flyball, 8RM, EV 90.6 MPH)
|
|
Batting: LHB Alex Gutierrez
|
0-0: Called Strike 0-1: Fly out, F7 (Flyball, 78S, EV 80.0 MPH)
|
| Bottom of the 9th over - 0 runs, 0 hits, 0 errors, 1 left on base; Florida State University 7 - University of Oklahoma 4 |
|